 Dungeon Crawl Stone Soup version 0.31-a0-983-g7b6862f502 (webtiles) character file.

Game seed: 13135614085893428760

3037 AppTheSpectato the Covert (level 9, -7/48 HPs)
             Began as a Spriggan Brigand on Nov 2, 2023.
             Was a Follower of Dithmenos.
             Engulfed by a steam dragon's steam (8 damage)
             ... on level 8 of the Dungeon.
             The game lasted 00:20:07 (7293 turns).

AppTheSpectato the Covert (Spriggan Brigand)        Turns: 7293, Time: 00:20:08

Health: -7/48      AC:  4    Str:  7    XL:     9   Next: 56%
Magic:  10/10      EV: 24    Int: 12    God:    Dithmenos [*.....]
Gold:   429        SH:  0    Dex: 21    Spells: 8/8 levels left

rFire   . . .        w - +3 short sword (speed)
rCold   . . .        (no shield)
rNeg    . . .        b - +0 robe
rPois   .            (helmet restricted)
rElec   .            h - +1 cloak of Life {Slay+3}
rCorr   .            (gloves unavailable)
SInv    +            (boots unavailable)
Will    ++...        (no amulet)
Stlth   ++++++       r - ring of willpower
HPRegen 0.28/turn    (no ring)
MPRegen 0.12/turn

%: no passive effects
@: wreathed by umbra, very quick
A: very small, no large weapons, unfitting armour, see invisible, speed 3
a: Renounce Religion


You were on level 8 of the Dungeon.
You worshipped Dithmenos.
Dithmenos was aware of your devotion.
You visited 2 branches of the dungeon, and saw 9 of its levels.

You collected 429 gold pieces.

Inventory:

Hand Weapons
 a - a +2 dagger
 o - a +0 rapier
 w - a +3 short sword of speed (weapon)
Missiles
 d - 15 poisoned darts (quivered)
 e - 8 curare-tipped darts
 g - 5 atropa-tipped darts
Armour
 b - a +0 robe (worn)
 h - the +1 cloak of Life (worn) {Slay+3}
   (You found it on level 3 of the Dungeon)

   Slay+3:    It affects your accuracy & damage with ranged weapons and melee
   (+3).
Magical Staves
 m - a staff of death
Jewellery
 r - a ring of willpower (left hand)
 B - a ring of magical power
Wands
 k - a wand of polymorph (12)
 s - a wand of acid (10)
 v - a wand of flame (16)
 A - a wand of roots (2)
Scrolls
 f - 4 scrolls of poison
 u - a scroll of noise {unknown}
 x - a scroll of enchant armour {unknown}
 y - 2 scrolls of amnesia {unknown}
 z - a scroll of revelation {unknown}
Potions
 c - 2 potions of heal wounds
 i - a potion of lignification
 j - a potion of degeneration {unknown}
 l - 2 potions of ambrosia
 n - 2 potions of resistance
 p - a potion of curing
 t - 3 potions of brilliance {unknown}


   Skills:
 + Level 5.7 Fighting
 + Level 7.5 Short Blades
 - Level 3.0 Throwing
 + Level 8.7 Dodging
 + Level 11.7 Stealth


You had 8 spell levels left.
You didn't know any spells.
Your spell library contained the following spells:

 Spells                   Type           Power      Damage    Failure   Level
 Kiss of Death            Conj/Necr      0%         2d5       32%         1
 Cigotuvi's Dreadful Rot  Necr/Pois/Air  0%         N/A       45%         2
 Confusing Touch          Hex            0%         N/A       69%         3
 Gell's Gravitas          Tloc           0%         N/A       69%         3
 Ignite Poison            Fire/Tmut/Pois 0%         N/A       69%         3
 Teleport Other           Tloc           0%         N/A       69%         3
 Dispel Undead            Necr           0%         3d6       97%         4
 Sticky Flame             Conj/Fire      0%         2d3       97%         4
 Freezing Cloud           Conj/Ice/Air   0%         6-21      100%        5
 Dispersal                Tloc           0%         N/A       100%        6
 Ignition                 Fire           0%         3d3       100%        8


Dungeon Overview and Level Annotations

Branches:
Dungeon (8/15)             Temple (1/1) D:5
   Lair: D:8-11

Altars:
Ashenzari
Dithmenos
Elyvilon
Fedhas
Gozag
Hepliaklqana
Kikubaaqudgha
Makhleb
Nemelex Xobeh
Okawaru
Qazlal
Ru
Trog
Uskayaw
Vehumet
Wu Jian
Xom
Zin
The Shining One

Shops:
D:2 [   D:3 *


Innate Abilities, Weirdness & Mutations

You are very small and have problems with some larger weapons.
You are too small for most types of armour.
You have supernaturally acute eyesight. (SInv)
You cover ground extremely quickly. (Speed+++)


Message History

The steam dragon is moderately wounded.
You are engulfed in a cloud of scalding steam.
You hit the steam dragon but do no damage.
The steam dragon is moderately wounded.
You are engulfed in a cloud of scalding steam.
The steam dragon completely misses you. The steam dragon closely misses you.
You hit the steam dragon.
The steam dragon is heavily wounded.
You are engulfed in a cloud of scalding steam.
You hit the steam dragon.
The steam dragon is heavily wounded.
You are engulfed in a cloud of scalding steam.
* * * LOW HITPOINT WARNING * * *
You puncture the steam dragon!
The steam dragon is almost dead.
You are engulfed in a cloud of scalding steam.
* * * LOW HITPOINT WARNING * * *
The steam dragon completely misses you. The steam dragon closely misses you.
Okay, then.
You barely miss the steam dragon.
The steam dragon is almost dead.
You closely miss the steam dragon.
The steam dragon is almost dead.
The steam dragon breathes steam at you. The ball of steam misses you.
You hit the steam dragon.
The steam dragon is almost dead.
You are engulfed in a cloud of scalding steam.
* * * LOW HITPOINT WARNING * * *
You hit the steam dragon but do no damage.
The steam dragon is almost dead.
You are engulfed in a cloud of scalding steam.
* * * LOW HITPOINT WARNING * * *
The steam dragon breathes steam at you. The ball of steam hits you.
* * * LOW HITPOINT WARNING * * *
As you read the scroll of fear, it crumbles to dust.
You assume a fearsome visage.
The steam dragon looks frightened!
You are engulfed in a cloud of scalding steam.
You die...

#....# #....#
#....# #....# . ##
####.##.... .
#......... #.###
####.#.......
#.#.###
#...)####....
#.§§@D# #....# ....
###$#####....# #.#
### #<.# #......#
.. ...#..# #.#....#
# ###.#..###.#....#
#...............#
.#.###.#.##.#######
.........##........
......†#.#.....####


You could see a steam dragon (fleeing, catching breath).

Vanquished Creatures
  A komodo dragon (D:8)
  6 yaks (D:8)
  A water moccasin (D:6)
  A black bear (D:5)
  An ice beast (D:7)
  A sky beast (D:7)
  An ogre (D:5)
  A centaur (D:7)
  A phantom (D:6)
  A bullfrog (D:7)
  3 scorpions
  8 wights
  A killer bee (D:7)
  3 electric eels (D:7)
  3 hounds
  2 jellies
  2 orc priests
  A gnoll bouda (D:7)
  An iguana (D:5)
  An orc wizard (D:5)
  9 gnolls
  4 adders
  A shadow imp (D:7)
  2 worms (D:3)
  2 dart slugs
  17 orcs
  6 ball pythons
  11 endoplasms
  4 giant cockroaches
  7 goblins
  11 hobgoblins
  2 jackals (D:4)
  3 quokkas (D:3)
  7 bats
  2 frilled lizards
  7 kobolds
  3 rats (D:1)
138 creatures vanquished.

Notes
Turn   | Place    | Note
-------+----------+-------------------------------------------
     0 | D:1      | AppTheSpectato the Spriggan Brigand began the quest for the
                  | Orb.
     0 | D:1      | Reached XP level 1. HP: 10/10 MP: 2/2
   220 | D:1      | Reached skill level 6 in Stealth
   229 | D:1      | Reached XP level 2. HP: 14/15 MP: 3/3
   400 | D:1      | You fall into a shaft and drop 1 floor!
   817 | D:2      | Reached XP level 3. HP: 14/18 MP: 4/4
   904 | D:2      | Found Suitsorefu's Antique Armour Shop.
  1323 | D:3      | Noticed a +0 dagger
  1323 | D:3      | Noticed a +0 falchion
  1323 | D:3      | Noticed a +0 spear
  1324 | D:3      | Noticed a +0 dagger
  1324 | D:3      | Noticed a +0 spear
  1328 | D:3      | Noticed a +0 falchion
  1335 | D:3      | Found a hide-covered altar of Uskayaw.
  1335 | D:3      | Noticed a +0 short sword
  1339 | D:3      | Noticed a +0 short sword
  1367 | D:3      | Found a sparkling altar of Nemelex Xobeh.
  1510 | D:3      | Found Haguss's Assorted Antiques.
  1719 | D:3      | Reached XP level 4. HP: 3/23 MP: 5/5
  1720 | D:3      | Identified the +1 cloak of Life {Slay+3}
  2437 | D:4      | Noticed a scorpion
  2449 | D:4      | Killed a scorpion
  2450 | D:4      | Reached XP level 5. HP: 27/27 MP: 6/6
  2628 | D:4      | Reached skill level 7 in Stealth
  3168 | D:4      | Reached XP level 6. HP: 20/32 MP: 7/7
  3371 | D:5      | Entered Level 5 of the Dungeon
  3404 | D:5      | Found a staircase to the Ecumenical Temple.
  3485 | Temple   | Entered the Ecumenical Temple
  3538 | Temple   | Became a worshipper of Dithmenos the Shadowed
  3688 | D:5      | Reached skill level 8 in Stealth
  3688 | D:5      | Reached XP level 7. HP: 36/36 MP: 8/8
  4355 | D:5      | Reached skill level 5 in Dodging
  4494 | D:6      | Reached skill level 5 in Short Blades
  4592 | D:6      | Reached skill level 9 in Stealth
  4614 | D:6      | Found a blossoming altar of Fedhas.
  5004 | D:7      | Reached XP level 8. HP: 27/42 MP: 9/9
  5551 | D:7      | Reached skill level 10 in Stealth
  5802 | D:7      | HP: 2/42 [electric eel/bolt of electricity (10)]
  6285 | D:7      | Reached * piety under Dithmenos
  6594 | D:7      | Found a shimmering altar of Xom.
  6602 | D:7      | Found a radiant altar of Vehumet.
  6603 | D:7      | Found an opulent altar of Gozag.
  6603 | D:7      | Found an ornate altar of the Wu Jian Council.
  6608 | D:7      | Found a glowing silver altar of Zin.
  6930 | D:8      | Reached skill level 5 in Fighting
  6930 | D:8      | Reached XP level 9. HP: 47/47 MP: 10/10
  7081 | D:8      | Reached skill level 11 in Stealth
  7261 | D:8      | Noticed a komodo dragon
  7270 | D:8      | Killed a komodo dragon
  7292 | D:8      | HP: 1/48 [steam dragon/ball of steam (5)]
  7293 | D:8      | Engulfed by a steam dragon's steam

Illustrated notes

Levels and vault maps discovered:
D:1:      lightli_molten_gateway, layout_rooms, serial_bayou_lake_a
D:2:      layout_rooms, serial_shops, shop
D:3:      layout_basic, nicolae_uskayaw_en_pointe,
          nemelex_xobeh_ov_fountains_minmay, serial_shops, shop,
          minmay_goblin_kobold_house
D:4:      layout_gridville
D:5:      layout_basic, temple_pool_b, serial_glass, glass_columns_b,
          glass_columns_a, glass_columns_b, glass_columns_c, glass_columns_b,
          glass_columns_b, glass_columns_c, glass_columns_a
D:6:      layout_rooms, nicolae_overflow_hidden_temple, st_stairs_4
D:7:      cheibrodos_two_vegetables, layout_basic, minitemple, serial_rivers,
          chequers_serial_rivers_micro_e, chequers_serial_rivers_small_a,
          chequers_serial_rivers_marsh, chequers_serial_rivers_micro_a
D:8:      layout_basic, lemuel_mausoleum_altar_yredelemnul, minivault_26,
          onia_ninara_dug_in_and_dangerous
Temple:   chequers_temple_sunken

Skill      XL: |  1  2  3  4  5  6  7  8  9 |
---------------+----------------------------+-----
Stealth        | 6 7 8 9 10 11 | 11.7
Dodging        | 2 3 4 5 7 8 |  8.7
Fighting       | 2 3 4 5 |  5.7
Short Blades   | 3 4 5 6 7 |  7.5
Throwing       | 3 |  3.0

Action                     |  1- 3 |  4- 6 |  7- 9 || total
---------------------------+-------+-------+-------++-------
  Melee: Dagger            |   147 |       |       ||   147
         Punch             |     2 |       |     6 ||     8
         Rapier            |     7 |   123 |    61 ||   191
         Short sword       |       |       |   215 ||   215
  Throw: Dart              |       |     1 |       ||     1
    Use: Scroll            |     1 |     5 |     3 ||     9
   Stab: Sleeping          |     9 |    10 |     7 ||    26
         Distracted        |       |     1 |     1 ||     2
 Armour: Robe              |    54 |    29 |    79 ||   162
  Dodge: Dodged            |   123 |   119 |   163 ||   405

Table legend: (Time is in decaauts)
 A = Elapsed time spent in this place.
 B = Non-inter-level travel time spent in this place.
 C = Inter-level travel time spent in this place.
 D = Time resting spent in this place.
 E = Time spent auto-exploring this place.
 F = Levels seen in this place.
 G = Mean time per level.
                   A        B        C        D        E       F      G
               +--------+--------+--------+--------+--------+-----+--------+
         Total |   5262 |   4903 |    359 |   1135 |   2410 |   9 |  584.7 |
       Dungeon |   5207 |   4878 |    329 |   1135 |   2410 |   8 |  650.9 |
        Temple |     55 |     25 |     30 |      0 |      0 |   1 |   55.0 |
               +--------+--------+--------+--------+--------+-----+--------+

Top non-repeatable levels by time:
     D:7: 1489 daAuts
     D:3: 760 daAuts
     D:4: 698 daAuts
     D:5: 674 daAuts
     D:1: 482 daAuts
     D:2: 436 daAuts
     D:6: 389 daAuts
     D:8: 276 daAuts
  Temple: 55 daAuts
